 Dungeon Crawl Stone Soup version 0.19.1 (webtiles) character file.

1936 CanadianGator the Shield-Bearer (level 9, -2/68 HPs)
             Began as a Formicid Fighter on Dec 12, 2016.
             Was a Believer of Cheibriados.
             Slain by Geoffrax's ghost (9 damage)
             ... on level 8 of the Dungeon.
             The game lasted 00:19:27 (6256 turns).

CanadianGator the Shield-Bearer (Formicid Fighter)  Turns: 6256, Time: 00:19:28

Health: -2/68      AC: 13    Str: 25    XL:     9   Next: 40%
Magic:  10/10      EV:  9    Int: 13    God:    Cheibriados [**....]
Gold:   426        SH: 12    Dex: 16    Spells: 0 memorised, 8 levels left

rFire  . . .     SeeInvis +     t - +7 club
rCold  . . .     Gourm    .     x - +0 chain mail
rNeg   . . .     Faith    .     c - +1 shield
rPois  .         Spirit   .     (helmet unavailable)
rElec  .         Reflect  .     y - +0 cloak
rCorr  .         Harm     +     k - +0 pair of gloves
MR     .....                    D - +0 pair of boots
Stlth  ..........               e - amulet of harm
                                (no ring)
                                (no ring)

@: very slightly contaminated, invisible, very slow
A: permanent stasis, dig shafts and tunnels, four strong arms, antennae 3
a: Dig, Shaft Self, Bend Time, Renounce Religion


You were on level 8 of the Dungeon.
You worshipped Cheibriados.
Cheibriados was pleased with you.
You were not hungry.

You visited 1 branch of the dungeon, and saw 8 of its levels.
You also visited: Sewer.

You collected 426 gold pieces.

Inventory:

Hand Weapons
 a - a +1 quarterstaff
 s - a +0 spear
 t - a +7 club (weapon)
 u - a +0 hand axe
 I - a +0 morningstar
Armour
 c - a +1 shield (worn)
 k - a +0 pair of gloves (worn)
 x - a +0 chain mail (worn)
 y - a +0 cloak (worn)
 D - a +0 pair of boots (worn)
Jewellery
 e - an amulet of harm (around neck)
 o - an uncursed amulet of faith
 B - a +3 amulet of reflection {unknown}
Wands
 b - a wand of acid (6/15)
 d - a wand of teleportation (7/9)
 g - a wand of iceblast (8/15)
 i - a wand of confusion (6/48)
 F - a wand of teleportation (4/9)
Scrolls
 h - 4 scrolls of amnesia
 l - a scroll of enchant weapon
 r - 3 scrolls of remove curse
 v - a scroll of fog {unknown}
 w - a scroll of recharging
 G - a scroll of random uselessness {unknown}
 K - a scroll of magic mapping {unknown}
Potions
 j - a potion of degeneration {unknown}
 m - a potion of haste {unknown}
 n - 4 potions of flight
 p - a potion of cure mutation {unknown}
 q - a potion of heal wounds {unknown}
 A - 4 potions of cancellation
 C - 2 potions of resistance
 E - a potion of lignification {unknown}
 J - a potion of berserk rage {unknown}
 L - a potion of agility {unknown}
 M - a potion of curing {unknown}
 P - a potion of might
Comestibles
 f - 8 bread rations
 z - 2 meat rations
 H - a royal jelly
 O - 2 chunks of flesh


   Skills:
 + Level 5.4 Fighting
 + Level 3.0(4.3) Axes
 + Level 3.3(5.0) Maces & Flails
 + Level 3.2(4.9) Polearms
 + Level 4.7(5.7) Staves
 + Level 5.6 Armour
 + Level 3.5 Dodging
 + Level 6.2 Shields
 + Level 2.4 Invocations
 + Level 2.1 Evocations


You had 8 spell levels left.
You didn't know any spells.

Dungeon Overview and Level Annotations

Branches:
Dungeon (8/15)             Temple (0/1) D:6
   Lair: D:8-11

Altars:
Cheibriados
Dithmenos
Nemelex Xobeh
Okawaru
Ru
The Shining One

Shops:
D:4 }

Annotations:
D:8 Geoffrax's ghost, novice DgGl


Innate Abilities, Weirdness & Mutations

You are under a permanent stasis effect.
You can dig through walls and to a lower floor.
Your four strong arms can wield two-handed weapons with a shield.
You have a pair of large antennae on your head. (SInv)


Message History

You are too injured to fight recklessly!
You are too injured to fight recklessly!
You are too injured to fight recklessly!
Okay, then.
You barely miss Geoffrax's ghost.
Geoffrax's ghost is severely damaged.
Geoffrax's ghost hits you.
* * * LOW HITPOINT WARNING * * *
Okay, then.
You hit Geoffrax's ghost but do no damage.
Geoffrax's ghost is severely damaged.
Geoffrax's ghost hits you but does no damage.
Geoffrax's ghost barely misses you.
You fade into invisibility!
Geoffrax's ghost hits you but does no damage.
You are very lightly contaminated with residual magic.
You hit Geoffrax's ghost.
Geoffrax's ghost is severely damaged.
Geoffrax's ghost hits you!
You die...

..... ####.....
#........
#........
#.......# ###
#!..%...#
..###.W.....#
#.##.@!.#
#.##.##.#
#.###.##.##.###.#
#...............
######.......###.#
#..........).)...+
##.#########.###.#
#...# #.#.+


You could see Geoffrax's ghost.

Vanquished Creatures
  A hungry ghost (D:5)
  Duvessa (D:7)
  The ghost of Darkmans the Covert, an amateur SpAs (D:4)
  2 sky beasts
  3 ogres
  A centaur (D:5)
  2 bullfrogs (D:6)
  A water moccasin zombie (D:5)
  Dowan (D:7)
  A scorpion (D:5)
  A crimson imp (D:6)
  A centaur zombie (D:7)
  2 bullfrog zombies (D:6)
  A quasit (D:6)
  2 hounds
  3 orc priests
  A centaur skeleton (D:7)
  2 orc wizards
  A bullfrog skeleton (D:4)
  Terence (D:3)
  3 worker ants (D:4)
  An iguana (D:7)
  Ijyb (D:3)
  Robin (D:2)
  3 adders
  7 oozes
  8 worms
  3 dart slugs
  3 leopard geckos
  28 orcs
  5 ball pythons
  17 bats
  10 giant cockroaches
  13 goblins
  12 hobgoblins
  7 jackals
  10 frilled lizards
  2 goblin skeletons (D:6)
  3 hobgoblin zombies (D:6)
  6 kobolds
  A kobold zombie (D:6)
  2 leopard gecko skeletons
  2 orc zombies (D:6)
  2 quokka skeletons
  11 rats
190 creatures vanquished.

Notes
Turn   | Place    | Note
-------+----------+-------------------------------------------
     0 | D:1      | CanadianGator the Formicid Fighter began the quest for the Orb.
     0 | D:1      | Reached XP level 1. HP: 18/18 MP: 1/1
    66 | D:1      | Reached XP level 2. HP: 24/24 MP: 2/2
   253 | D:1      | Reached XP level 3. HP: 28/29 MP: 3/3
   682 | D:1      | Reached skill level 4 in Shields
   903 | D:1      | Reached XP level 4. HP: 36/36 MP: 4/4
  1183 | D:2      | Noticed Robin
  1220 | D:2      | Reached skill level 1 in Dodging
  1222 | D:2      | Killed Robin
  1222 | D:2      | Reached XP level 5. HP: 6/42 MP: 5/5
  1622 | D:2      | Found a shadowy altar of Dithmenos.
  1804 | D:3      | Noticed Ijyb
  1817 | D:3      | Killed Ijyb
  1885 | D:3      | Noticed Terence
  1894 | D:3      | Killed Terence
  2024 | D:3      | Found a glowing drain.
  2059 | Sewer    | Entered a sewer
  2068 | Sewer    | Reached skill level 1 in Maces & Flails
  2101 | Sewer    | Reached skill level 1 in Polearms
  2254 | Sewer    | Reached XP level 6. HP: 44/48 MP: 6/6
  3055 | D:4      | Found Bihopith's Gadget Shop.
  3099 | D:4      | Reached skill level 1 in Axes
  3227 | D:4      | Reached XP level 7. HP: 42/54 MP: 7/7
  3246 | D:4      | Noticed Darkmans's ghost (amateur SpAs)
  3254 | D:4      | Killed Darkmans's ghost
  3603 | D:4      | Found a sparkling altar of Nemelex Xobeh.
  3623 | D:4      | Reached skill level 5 in Shields
  3732 | D:5      | Entered Level 5 of the Dungeon
  3874 | D:5      | Found a snail-covered altar of Cheibriados.
  3934 | D:5      | Became a worshipper of Cheibriados the Contemplative
  3982 | D:5      | Noticed a hungry ghost
  4000 | D:5      | Killed a hungry ghost
  4000 | D:5      | Reached skill level 5 in Armour
  4000 | D:5      | Reached XP level 8. HP: 57/61 MP: 8/8
  4304 | D:5      | Found a faded altar of an unknown god.
  4304 | D:5      | Found a sacrificial altar of Ru.
  4309 | D:5      | Found a faded altar of an unknown god.
  4322 | D:5      | Found a faded altar of an unknown god.
  4324 | D:5      | Found a faded altar of an unknown god.
  4553 | D:6      | Found a glowing golden altar of the Shining One.
  4629 | D:6      | Reached * piety under Cheibriados
  4629 | D:6      | Reached skill level 5 in Fighting
  4643 | D:6      | Reached skill level 1 in Invocations
  4655 | D:6      | Reached skill level 1 in Evocations
  5006 | D:6      | Reached XP level 9. HP: 49/68 MP: 10/10
  5245 | D:6      | Found a staircase to the Ecumenical Temple.
  5558 | D:7      | Reached skill level 6 in Shields
  5722 | D:7      | Found an iron altar of Okawaru.
  5727 | D:7      | Noticed Duvessa
  5731 | D:7      | Noticed Dowan
  5738 | D:7      | Killed Duvessa
  5744 | D:7      | Killed Dowan
  5876 | D:7      | Reached ** piety under Cheibriados
  6224 | D:8      | Noticed Geoffrax's ghost (novice DgGl)
  6256 | D:8      | Slain by Geoffrax's ghost

Skill      XL: |  1  2  3  4  5  6  7  8  9 |
---------------+----------------------------+-----
Shields        | 4 5 6 |  6.2
Armour         | 4 5 |  5.6
Dodging        | 1 2 3 |  3.5
Fighting       | 4 5 |  5.4
Staves         | 3 4 |  4.7
Maces & Flails | 1 2 3 |  3.3
Polearms       | 1 2 3 |  3.2
Axes           | 1 2 3 |  3.0
Invocations    | 1 2 |  2.4
Evocations     | 1 2 |  2.1

Action                   |  1- 3 |  4- 6 |  7- 9 || total
-------------------------+-------+-------+-------++-------
Melee: Quarterstaff      |   103 |    80 |       ||   183
       Club              |       |   170 |   279 ||   449
 Abil: Dig               |       |     1 |     1 ||     2
Evoke: Wand              |       |       |    13 ||    13
  Use: Potion            |       |     2 |     3 ||     5
       Scroll            |       |    10 |     3 ||    13
 Stab: Invisible         |       |       |     5 ||     5
  Eat: Chunk             |       |     9 |     2 ||    11
       Fruit             |       |       |     3 ||     3
       Meat ration       |       |       |     2 ||     2
Armor: Scale mail        |    42 |   155 |    64 ||   261
       Chain mail        |       |       |    60 ||    60
Dodge: Dodged            |    21 |   138 |    82 ||   241
Block: Shield            |    63 |   176 |   172 ||   411
